[Event "*** Titled Tuesday Blitz"]
[Site "Chess.com"]
[Date "2020.05.12"]
[Round "5"]
[White "canary2016"]
[Black "AndrewDGreen"]
[Result "0-1"]
[WhiteElo "1928"]
[BlackElo "2285"]
[TimeControl "180+1"]
[EndTime "10:56:32 PDT"]
[Termination "AndrewDGreen won on time"]

1. Nf3 c5 2. c4 g6 3. Nc3 Nc6 4. e3 Nf6 5. Be2 Bg7 6. O-O O-O 7. d4 cxd4 8. exd4 d5 9. Be3 dxc4 10. Bxc4 Bg4 11.
Be2 Rc8 12. h3 Bf5 13. Bd3 Bxd3 14. Qxd3 Nd5 15. Rfd1 Na5 16. Nxd5 Qxd5 17. b3 Rfd8 18. Rac1 Nc6 19. Rc5 Qd7 20. Rcc1 Nb4 21. Qd2 Nd5 22.
a3 Qb5 23. Qd3 Qxd3 24. Rxd3 Rxc1+ 25. Bxc1 Rc8 26. Be3 Rc2 27. Nd2 f5 28. Nc4 f4 29.
Bd2 e6 30. Nd6 b6 31. Nb5 a6 32. Nd6 Bf8 33. Ne4 Bxa3 34. g3 f3 35. Nd6 Bxd6 36. Bg5 Rc3 37. Rd2 Rc1+ 38. Kh2 Rc3 39. Rb2 Kf7 40. Bd8 b5 41. Ba5 Bb4 42. Bd8 a5 43. Bg5 a4 44. Bd2 Rd3 45. Bg5 a3 46. Ra2 Rxb3 47.
h4 Rb2 48. Ra1 Rxf2+ 49. Kh3 Rb2 50. Bc1 Rb3 51. Bg5 Rc3 52. Bd2 Rc2 53. Bg5 f2 54.
Bf4 a2 0-1

[Event "*** Titled Tuesday Blitz"]
[Site "Chess.com"]
[Date "2020.05.12"]
[Round "5"]
[White "ckgchess"]
[Black "Orest_Vovk"]
[Result "0-1"]
[WhiteElo "2641"]
[BlackElo "2451"]
[TimeControl "180+1"]
[EndTime "10:56:33 PDT"]
[Termination "Orest_Vovk won by checkmate"]

1. e4 Nc6 2. Nf3 d5 3. exd5 Qxd5 4. Nc3 Qa5 5. d4 Bg4 6. Bb5 O-O-O 7. Bxc6 bxc6 8. Qe2 Kb7 9. h3 Qh5 10. d5 Bxf3 11.
dxc6+ Kxc6 12. gxf3 e6 13. Bf4 Kb7 14. Qc4 Qa5 15. b4 Qb6 16. O-O Rd4 17. Qe2 Rxf4 18. a4 Nf6 19. a5 Qc6 20. Ra3 Bxb4 21. Rb3 Kc8 22. Nb5 Kd7 23. Rd1+ Ke7 24. Nd4 Rxd4 25.
Rxd4 Bd6 26. Rc4 Qd5 27. a6 Rd8 28. Rb7 Qg5+ 29. Kh1 Bf4 30. Rbb4 Nd5 31. Ra4 Bd6 32. Rg4 Qc1+ 33. Kg2 g6 34. Rae4 h5 35. Rg3 Nf4+ 36. Rxf4 Qxf4 37. Qd3 h4 38. Rg4 Qh2+ 39. Kf1 Qxh3+ 40.
Ke2 Qh2 41. Qe4 Qe5 42. Qxe5 Bxe5 43. Rxh4 Rd6 44. Re4 Bf6 45. Rc4 Kd7 46. Ra4 Bd4 47.
f4 Bb6 48. f3 Rd5 49. c4 Rc5 50. Kd3 Ke7 51. Ke4 Kf6 52. Rb4 Ra5 53. Kd3 Rxa6 54. Rb1 Ra3+ 55. Ke4 Re3# 0-1

[Event "*** Titled Tuesday Blitz"]
[Site "Chess.com"]
[Date "2020.05.12"]
[Round "5"]
[White "Olga_Girya"]
[Black "Zurability"]
[Result "1-0"]
[WhiteElo "2437"]
[BlackElo "2635"]
[TimeControl "180+1"]
[EndTime "10:56:33 PDT"]
[Termination "Olga_Girya won on time"]

1. d4 Nf6 2. c4 e6 3. Nf3 b6 4. g3 Bb7 5. Bg2 Bb4+ 6. Bd2 Bxd2+ 7. Qxd2 d6 8. O-O Nbd7 9. Nc3 O-O 10. Qc2 e5 11. dxe5 dxe5 12. Rfd1 Qe7 13. Nxe5 Nxe5 14. Bxb7 Rab8 15. Nd5 Qe6 16. Nxf6+ Qxf6 17. Bg2 Rbd8 18. b3 h5 19. h3 Ng6 20. e3 Ne5 21.
Qe2 g6 22. f4 Nd7 23. e4 h4 24. e5 Qe7 25. Qg4 hxg3 26. Qxg3 Rfe8 27. Rd5 Nf8 28.
Rad1 Kh7 29. Kh2 Ne6 30. Qg4 Rxd5 31. cxd5 Ng7 32. d6 cxd6 33. exd6 Qf6 34. d7 Rd8 35.
Qg5 Nh5 36. Qxf6 Nxf6 37. Bc6 Kg7 38. Rd6 Ng8 39. Rd4 Kf6 40. Ra4 a5 41. b4 Ne7 42.
Bb5 axb4 43. Rxb4 Nd5 44. Rd4 Nc7 45. Bc6 Ke7 46. Re4+ Kd6 47. Re8 Ne6 48. Rxd8 Nxd8 49. Bb5 Kc7 50. Kg3 Ne6 51. Kg4 f6 52. f5 gxf5+ 53.
Kh5 Nf8 54. Kh6 f4 55. Kh5 Nxd7 56. Kg4 1-0

[Event "*** Titled Tuesday Blitz"]
[Site "Chess.com"]
[Date "2020.05.12"]
[Round "5"]
[White "kuban1991"]
[Black "BogdanDeac"]
[Result "0-1"]
[WhiteElo "2734"]
[BlackElo "2927"]
[TimeControl "180+1"]
[EndTime "10:56:34 PDT"]
[Termination "BogdanDeac won by resignation"]

1. Nf3 d5 2. g3 Nd7 3. Bg2 e5 4. O-O Ngf6 5. d4 e4 6. Ne5 Bd6 7. c4 Nxe5 8. dxe5 Bxe5 9. cxd5 O-O 10. Nc3 Bxc3 11. bxc3 Qxd5 12. Qxd5 Nxd5 13. Bxe4 Nxc3 14. Bf3 Re8 15. Be3 c6 16. Rfc1 Nd5 17. Bxd5 cxd5 18. Rc7 b6 19. Rac1 Ba6 20. R1c2 d4 21. Bxd4 Bxe2 22.
f4 Bg4 23. Kf2 h6 24. Be5 f6 25. Bb2 Bf5 26. Rd2 Rad8 27. Rxd8 Rxd8 28. Ke3 a5 29.
Rb7 Re8+ 30. Kd4 Re2 31. Rxb6 Rxh2 32. a4 Rg2 33. Bc1 Ra2 34. Rb5 Rxa4+ 35. Kc5 Ra1 36. Bd2 a4 37. Ra5 a3 38. Bc3 Rg1 39. Kd6 Be4 40.
Rxa3 Rxg3 41. Bb4 Rg4 42. Bd2 Kh7 43. Ke7 h5 44. Rh3 Kg6 45. Be3 Bf5 46. Kf8 Rxf4 47.
Bxf4 Bxh3 48. Ke7 Kf5 49. Bh2 g5 50. Kd6 Ke4 51. Ke7 f5 52. Kf6 g4 53. Kg5 Kf3 54. Kxf5 g3+ 0-1

[Event "*** Titled Tuesday Blitz"]
[Site "Chess.com"]
[Date "2020.05.12"]
[Round "5"]
[White "Alexander_Donchenko"]
[Black "serhanberat_ozdemir"]
[Result "1/2-1/2"]
[WhiteElo "2727"]
[BlackElo "2499"]
[TimeControl "180+1"]
[EndTime "10:56:34 PDT"]
[Termination "Game drawn by repetition"]

1. e4 c5 2. Nf3 e6 3. g3 d5 4. exd5 exd5 5. Bg2 Nf6 6. O-O Be7 7. d4 O-O 8. h3 Nc6 9. Be3 b6 10. Nbd2 Bb7 11.
Re1 Rc8 12. c3 Bd6 13. Nb3 Ne7 14. Ne5 Ne4 15. dxc5 Bxe5 16. cxb6 axb6 17. Bd4 Nc6 18. Be3 f5 19. f4 Bd6 20. Qxd5+ Kh8 21. Rad1 Na5 22.
Qb5 Qe7 23. Bxb6 Nc4 24. Bd4 Qf7 25. Na5 Nxa5 26. Qxa5 Ra8 27. Qb6 Ra6 28. Qb3 Rxa2 29. Qxf7 Rxf7 30. b4 Rxg2+ 31. Kxg2 Nxc3+ 32. Kf1 Nxd1 33. Rxd1 Bxb4 34. Be5 h5 35. Kf2 Bc5+ 36. Ke2 Be4 37. Rc1 Ba3 38. Rc3 Ra7 39. Kf2 Bb4 40. Rc8+ Kh7 41.
Rb8 Bc5+ 42. Kf1 Ra2 43. Rc8 Bg2+ 44. Ke1 Bb4+ 45. Kd1 Bf3+ 46. Kc1 Ba3+ 47. Kb1 Re2 48. Rc3 Be4+ 49. Ka1 Be7 50. Rc7 Bf8 51. Rc8 Kg8 52. Bd6 Re1+ 53. Kb2 Re2+ 54. Ka1 Re1+ 55. Kb2 Re2+ 56.
Ka1 1/2-1/2

[Event "*** Titled Tuesday Blitz"]
[Site "Chess.com"]
[Date "2020.05.12"]
[Round "5"]
[White "nabukatnezarr"]
[Black "1stSecond"]
[Result "0-1"]
[WhiteElo "2518"]
[BlackElo "2685"]
[TimeControl "180+1"]
[EndTime "10:56:35 PDT"]
[Termination "1stSecond won by checkmate"]

1. d4 Nf6 2. Bg5 d5 3. Bxf6 gxf6 4. e3 c5 5. dxc5 e6 6. Nf3 Bxc5 7. Be2 Nc6 8. O-O Bd7 9. c4 dxc4 10. Bxc4 Rc8 11. Nc3 Be7 12. Qe2 O-O 13. Rfd1 a6 14. Rd2 Qc7 15.
Rad1 Rfd8 16. Bd3 Ne5 17. Bb1 Bc6 18. Nd4 f5 19. Nxc6 Qxc6 20. e4 Rxd2 21. Rxd2 f4 22. Qh5 Qc5 23. h3 Bf6 24. Kh2 b5 25. a3 Ng6 26. Qxc5 Rxc5 27. Ne2 Be5 28. f3 Rc8 29. Ba2 Kf8 30. Kg1 Ke7 31. Kf2 Nh4 32. Kf1 h5 33.
Bb1 a5 34. Bd3 b4 35. axb4 axb4 36. b3 Ra8 37. Bb1 Bc3 38. Rd1 Be5 39. Rd2 Rg8 40.
Nc1 Bc3 41. Re2 Ra8 42. Ra2 Rd8 43. Nd3 Ng6 44. Ra7+ Kf6 45. Ke2 Ne5 46. Nxe5 Kxe5 47. Bd3 Rg8 48. Kf1 Kd4 49. Rd7+ Ke3 50. Bc4 Bd4 51.
Rc7 Ra8 52. Kg1 Ra1+ 53. Kh2 h4 54. Rxf7 Kd2 55. Rd7 Kc3 56. Bxe6 Bg1+ 57. Kh1 Bf2+ 58. Kh2 Bg3# 0-1

[Event "*** Titled Tuesday Blitz"]
[Site "Chess.com"]
[Date "2020.05.12"]
[Round "5"]
[White "fidezivkovic"]
[Black "yamalchess"]
[Result "1-0"]
[WhiteElo "2373"]
[BlackElo "2496"]
[TimeControl "180+1"]
[EndTime "10:56:35 PDT"]
[Termination "fidezivkovic won on time"]

1. e4 e5 2. Nf3 Nc6 3. Bb5 a6 4.
Ba4 Nf6 5. O-O b5 6. Bb3 Bb7 7. d3 Bd6 8. Re1 O-O 9. Nbd2 h6 10. c3 Re8 11. Nf1 Bf8 12. Ng3 d5 13. Qe2 Na5 14. Bc2 c5 15. Nf5 d4 16. cxd4 cxd4 17. a3 Rc8 18. b4 Nc4 19. Bb3 Nd6 20. N3h4 Nxf5 21. Nxf5 Rc3 22. Rb1 Bc8 23. Bd2 Rc7 24. Qf3 Kh7 25. Rec1 Rxc1+ 26. Rxc1 Be6 27. Bxe6 Rxe6 28.
h3 Qd7 29. Qd1 Rc6 30. f4 exf4 31. Bxf4 Qc8 32. Rxc6 Qxc6 33. Qb3 Qe6 34. Qxe6 fxe6 35. Nxd4 Be7 36. Nxe6 Nd7 37. d4 a5 38. Bd2 a4 39.
d5 Nb6 40. Nd4 Nc4 41. Bc1 Nd6 42. e5 Nc4 43. e6 Bd8 44. Nxb5 Bb6+ 45. Kf1 Kg6 46.
d6 Kf6 47. e7 Kf7 48. Ke2 Ke8 49. Kd3 Ne5+ 50. Ke4 Nf7 51. Kd5 Kd7 52. Bf4 Bf2 53. Nc3 g5 54. Bh2 Be1 55. Nxa4 Bd2 56. Nc5+ Ke8 57. Ke6 1-0

[Event "*** Titled Tuesday Blitz"]
[Site "Chess.com"]
[Date "2020.05.12"]
[Round "5"]
[White "CuattroPrincesses"]
[Black "googlegoom"]
[Result "1-0"]
[WhiteElo "2291"]
[BlackElo "2526"]
[TimeControl "180+1"]
[EndTime "10:56:36 PDT"]
[Termination "CuattroPrincesses won on time"]

1. e4 c5 2. Nf3 Nc6 3. d4 cxd4 4. Nxd4 Qb6 5. Nb3 Nf6 6. Bd3 e6 7. O-O d5 8. exd5 Nxd5 9. a3 Be7 10. c4 Nf6 11. Nc3 a6 12. Be3 Qc7 13. Rc1 O-O 14. Na4 Nd7 15. Qc2 h6 16. f4 b6 17. Qf2 Rb8 18. Nc3 Nf6 19. h3 Rd8 20. Rfd1 Bd7 21. Be2 Be8 22. Rxd8 Qxd8 23. Rd1 Qc7 24. Rc1 Nd7 25.
Nd5 exd5 26. cxd5 Nc5 27. Nxc5 bxc5 28. dxc6 Qxc6 29. b4 c4 30. Bxc4 Qa4 31. Qa2 a5 32. Qb3 axb4 33. Qxa4 Bxa4 34. axb4 Rxb4 35. Bd5 Rb8 36.
Rc7 Kf8 37. Bc5 Bxc5+ 38. Rxc5 Re8 39. Kf2 g6 40. Rc7 Re7 41. Rxe7 Kxe7 42. h4 f6 43. g3 Bc2 44. Bf3 Kd6 45. Be2 Kc5 46. Ba6 Kd4 47.
Bc8 Be4 48. Bd7 Kd3 49. Bc8 Kd2 50. Ba6 Bf5 51. Bb7 Bc2 52. Kf3 Bd3 53. Be4 Kc3 54.
Ke3 Bc4 55. Bxg6 Be6 56. Ke4 Kc4 57. Bf5 Bf7 58. Bc8 Bg6+ 59. f5 Bf7 60. Be6+ 1-0

[Event "*** Titled Tuesday Blitz"]
[Site "Chess.com"]
[Date "2020.05.12"]
[Round "5"]
[White "CraiggoryC"]
[Black "fyall777"]
[Result "1-0"]
[WhiteElo "2109"]
[BlackElo "2426"]
[TimeControl "180+1"]
[EndTime "10:56:36 PDT"]
[Termination "CraiggoryC won on time"]

1. e4 c5 2. Nf3 d6 3. d4 Nf6 4. Nc3 cxd4 5. Nxd4 a6 6. Be3 e5 7. Nb3 Be6 8. f3 Nc6 9. Qd2 d5 10. exd5 Nxd5 11. Nxd5 Qxd5 12. O-O-O Qxd2+ 13. Rxd2 Rc8 14. Nc5 Bxc5 15. Bxc5 Bxa2 16. g3 Be6 17. Kb1 f6 18. Bd3 Kf7 19. Rhd1 Rhd8 20. Bb6 Rd7 21. Bg6+ Kxg6 22.
Rxd7 Bxd7 23. Rxd7 Nb4 24. c3 Rc6 25. Rxb7 Nd5 26. Bf2 f5 27. Kc2 Rd6 28. Bc5 Re6 29. c4 Nf6 30. b4 e4 31. fxe4 fxe4 32. Kd2 Rc6 33. Rb6 Rxb6 34. Bxb6 Kf5 35. b5 axb5 36. cxb5 Ke5 37. Bg1 Kd5 38. b6 Nd7 39. h3 Nb8 40.
Ke3 Nc6 41. Kf4 h6 42. h4 g6 43. b7 Nb8 44. Ba7 Nc6 45. b8=Q Nxb8 46. Bxb8 Kd4 47. Ba7+ Kd3 48. g4 Ke2 49. Ke5 Kf3 50. g5 hxg5 51.
hxg5 Kg4 52. Kf6 Kh5 53. Be3 Kg4 54. Kxg6 Kf3 55. Bc5 Kf4 56. Kf6 e3 57. Bxe3+ Kxe3 58. g6 Ke4 59. g7 1-0

[Event "*** Titled Tuesday Blitz"]
[Site "Chess.com"]
[Date "2020.05.12"]
[Round "5"]
[White "26andrej26"]
[Black "Norival"]
[Result "0-1"]
[WhiteElo "2479"]
[BlackElo "2687"]
[TimeControl "180+1"]
[EndTime "10:56:39 PDT"]
[Termination "Norival won by resignation"]

1. e4 e5 2. Nf3 Nc6 3. Bb5 a6 4.
Ba4 Nf6 5. O-O Be7 6. Re1 b5 7. Bb3 O-O 8. c3 d6 9. h3 Nb8 10. d4 Nbd7 11. Nbd2 Bb7 12. Bc2 Re8 13. b3 c6 14. Bb2 Bf8 15. c4 exd4 16. Nxd4 g6 17. a4 b4 18. Ne2 Bg7 19. Ng3 c5 20. Nf3 Qc7 21. Rb1 Rad8 22. Qd2 Ne5 23. Nh2 Re7 24. f4 Nc6 25. Nf3 Ne8 26. Bxg7 Nxg7 27. f5 f6 28. Qh6 Ne5 29. Nxe5 Rxe5 30. fxg6 hxg6 31. Rf1 Qf7 32. Rf3 Rde8 33. Rbf1 R8e6 34. h4 Qe7 35. h5 gxh5 36. Nf5 Qf7 37. Rg3 Rxf5 38. Rxf5 Bc8 39.
Rxh5 Kf8 40. Qh8+ Qg8 41. Rh7 Re7 42. Qxg8+ Kxg8 43. Rh6 Rf7 44. Rhg6 Kf8 45. Bd1 Be6 46. Bh5 Nxh5 47. Rg8+ Ke7 48. R3g6 Nf4 49. R6g7 Nd3 50. Rxf7+ Kxf7 51. Ra8 Nc1 52. Ra7+ Kg6 53. Rxa6 Nxb3 54. Rxd6 Bxc4 55. a5 Nxa5 56. e5 b3 57. Rxf6+ Kg7 58.
Rb6 0-1

[Event "*** Titled Tuesday Blitz"]
[Site "Chess.com"]
[Date "2020.05.12"]
[Round "5"]
[White "Berardino"]
[Black "PotapovaM"]
[Result "0-1"]
[WhiteElo "2611"]
[BlackElo "2425"]
[TimeControl "180+1"]
[EndTime "10:56:39 PDT"]
[Termination "PotapovaM won by resignation"]

1. e4 c5 2. Nf3 d6 3. d4 cxd4 4. Nxd4 Nf6 5. Nc3 a6 6. a3 g6 7. Be3 Bg7 8. f3 O-O 9. Qd2 Nc6 10. O-O-O Bd7 11. h4 h5 12. g4 b5 13. Nxc6 Bxc6 14.
Bh6 Qb6 15. Bxg7 Kxg7 16. g5 Nd7 17. Nd5 Bxd5 18. exd5 Rac8 19. Bh3 Rc7 20. Rhe1 Ne5 21. f4 Nf3 22. Qe3 Qxe3+ 23. Rxe3 Nxh4 24. Rde1 Re8 25. c3 Kf8 26. Kc2 Rc5 27. Bd7 Rd8 28. Rxe7 Rxd5 29. Rxf7+ Kxf7 30. Be6+ Kf8 31. Bxd5 Re8 32. Rxe8+ Kxe8 33. b4 Kd7 34. Kd3 Nf5 35. Bb7 h4 36. Bxa6 h3 37.
Bxb5+ Kc7 38. Bc4 Kc6 39. Ke4 Ng3+ 40. Kf3 h2 41. Kxg3 h1=Q 42. Be2 Qg1+ 43. Kf3 Qe1 44. c4 Qc3+ 45. Ke4 Qxa3 46. b5+ Kc5 47. f5 gxf5+ 48. Kxf5 Qe3 49. Bg4 Qe5+ 50. Kg6 Kxc4 51. b6 Qe8+ 52.
Kf6 Qf8+ 53. Kg6 Qg8+ 54. Kf6 Qb8 55. g6 Qxb6 56. g7 Qd4+ 57. Kf7 Qxg4 0-1

[Event "*** Titled Tuesday Blitz"]
[Site "Chess.com"]
[Date "2020.05.12"]
[Round "5"]
[White "GMHess"]
[Black "awesomevishesh"]
[Result "1-0"]
[WhiteElo "2803"]
[BlackElo "2435"]
[TimeControl "180+1"]
[EndTime "10:56:40 PDT"]
[Termination "GMHess won by resignation"]

1. e4 c5 2. Nc3 Nc6 3. Bb5 Nd4 4. Bc4 e6 5. Nge2 Ne7 6. O-O Nec6 7. Ng3 a6 8. a4 Rb8 9. d3 b5 10. Ba2 Be7 11.
f4 b4 12. Nce2 Nxe2+ 13. Nxe2 d5 14. Be3 O-O 15. f5 dxe4 16. dxe4 exf5 17. exf5 Re8 18. Nf4 Nd4 19. Qh5 Rf8 20. Ng6 Re8 21. Ne5 b3 22. Bxb3 Nxb3 23. Qxf7+ Kh8 24. cxb3 Bf6 25.
Rad1 Qe7 26. Qxe7 Bxe7 27. Nf7+ Kg8 28. Bf4 Rxb3 29. Nd6 Bxd6 30. Bxd6 Rxb2 31. Bxc5 Bb7 32. Rf2 Rxf2 33. Kxf2 h6 34. g4 Re4 35. Rd8+ Kh7 36. Rd7 Bc6 37. Rc7 Bd5 38. Bf8 Rf4+ 39. Kg3 Rf3+ 40. Kh4 Kg8 41. Bxg7 Rf2 42. Be5 h5 43. Kxh5 Bf7+ 44. Kg5 Rg2 45. h4 Bd5 46. Rd7 Bf3 47. Rg7+ Kf8 48. Kf4 Bd1 49. h5 Rf2+ 50. Kg5 Rg2 51.
Kf6 Rxg4 52. Rxg4 Bxg4 53. h6 Kg8 54. Kg5 Bxf5 55. Kxf5 Kh7 56. Bf4 a5 57. Ke5 Kg8 58. Kd5 Kh7 59. Kc5 Kg8 60. Kb5 Kh7 61. Kxa5 Kg6 62.
Kb5 1-0

[Event "*** Titled Tuesday Blitz"]
[Site "Chess.com"]
[Date "2020.05.12"]
[Round "5"]
[White "chito89"]
[Black "Gentlejimmy7"]
[Result "1-0"]
[WhiteElo "2748"]
[BlackElo "2571"]
[TimeControl "180+1"]
[EndTime "10:56:41 PDT"]
[Termination "chito89 won on time"]

1. e4 c5 2. Nf3 e6 3. g3 Nc6 4. Bg2 g6 5. d4 cxd4 6. Nxd4 a6 7. Nxc6 bxc6 8. O-O d5 9. exd5 cxd5 10. c4 Bb7 11. Nc3 Bg7 12. cxd5 Bxc3 13. bxc3 Bxd5 14. Qd4 Qf6 15.
Bxd5 Qxd4 16. cxd4 exd5 17. Re1+ Kd7 18. Rb1 Rc8 19. Rb7+ Rc7 20. Rxc7+ Kxc7 21. Re8 h6 22. a4 Kd7 23. Ra8 g5 24. a5 Kc6 25. Ba3 Kb5 26.
Bd6 f6 27. Rb8+ Kxa5 28. g4 Ka4 29. Kf1 a5 30. Ke2 h5 31. gxh5 f5 32. Be5 Rxh5 33. Rxg8 f4 34. Rb8 Rxh2 35. Kf3 g4+ 36. Kxg4 Rxf2 37. Bxf4 Ka3 38. Bd6+ Ka4 39. Rb1 Rg2+ 40. Kf5 Rg5+ 41. Ke6 Rh5 42. Bc7 Rh4 43. Kxd5 Ka3 44. Bxa5 Ka4 45. Bc7 Rh5+ 46. Kc4 Ka3 47. d5 Ka2 48. Rb8 Rh2 49. Be5 Rc2+ 50. Kd3 Rc1 51. Bc3 Rd1+ 52. Kc2 Rxd5 53. Ra8+ Ra5 54. Bxa5 1-0

[Event "*** Titled Tuesday Blitz"]
[Site "Chess.com"]
[Date "2020.05.12"]
[Round "5"]
[White "artooon"]
[Black "jtayar88"]
[Result "1-0"]
[WhiteElo "2729"]
[BlackElo "2558"]
[TimeControl "180+1"]
[EndTime "10:56:41 PDT"]
[Termination "artooon won on time"]

1. e4 c5 2. Nf3 d6 3. d4 Nf6 4.
Nc3 cxd4 5. Nxd4 a6 6. Bg5 e6 7. f4 Be7 8. Qd2 h6 9. Bh4 Nxe4 10. Bxe7 Nxd2 11. Bxd8 Nxf1 12. Bc7 Ne3 13. Kf2 Ng4+ 14. Kf3 Nf6 15. Bxd6 b5 16. Rhe1 Bb7+ 17. Kf2 Nbd7 18.
f5 e5 19. Nf3 e4 20. Nd2 O-O-O 21. Bb4 e3+ 22. Kxe3 Ne5 23. Be7 Nd5+ 24. Nxd5 Rxd5 25.
Bb4 Rhd8 26. Re2 Nc6 27. a3 Nd4 28. Kf2 Rxf5+ 29. Nf3 Nxe2 30. Kxe2 Re8+ 31. Kf2 g5 32. h3 h5 33. Kg3 Bxf3 34. gxf3 Re3 35. Rf1 Re2 36.
h4 gxh4+ 37. Kxh4 Rxc2 38. Bc3 Kb7 39. Kg3 Kb6 40. Re1 a5 41. Re7 b4 42. axb4 axb4 43. Bd4+ Kb5 44. Rb7+ Kc4 45. Bh8 Kb3 46. Bd4 Rc4 47.
Bh8 Rg4+ 48. fxg4 hxg4 49. Kxg4 Rc5 50. Bg7 Rc4+ 51. Kf5 Kc2 52. Be5 b3 53. Rxf7 Rc5 54.
Rh7 Rxe5+ 55. Kxe5 Kxb2 56. Kd4 Ka1 57. Kc3 b2 58.
Ra7+ Kb1 59. Kb3 1-0

[Event "*** Titled Tuesday Blitz"]
[Site "Chess.com"]
[Date "2020.05.12"]
[Round "5"]
[White "SamuelGhimpu2003"]
[Black "Hasangatin_Ramil"]
[Result "1-0"]
[WhiteElo "2713"]
[BlackElo "2553"]
[TimeControl "180+1"]
[EndTime "10:56:41 PDT"]
[Termination "SamuelGhimpu2003 won on time"]

1. e4 d5 2. exd5 Qxd5 3. Nc3 Qd6 4. d4 Nf6 5. Nf3 c6 6. Bc4 Bg4 7. Be3 Nbd7 8. h3 Bh5 9. a4 a5 10. Qe2 e6 11. O-O Be7 12. Rad1 O-O 13. Rfe1 Qc7 14. g4 Bg6 15. Nh4 Nb6 16. Nxg6 hxg6 17. Bd3 Nfd5 18.
Nxd5 cxd5 19. b3 Bd6 20. h4 Bf4 21. Kg2 Nd7 22. h5 g5 23. Rh1 Nf6 24. Qf3 Rac8 25. Bxf4 gxf4 26. g5 Ne4 27. Qg4 f5 28. Qh4 Qe7 29.
Qxf4 Qxg5+ 30. Qxg5 Nxg5 31. Rhe1 Kf7 32. c4 Ne4 33.
cxd5 exd5 34. f3 Nc3 35. Rc1 g6 36. hxg6+ Kxg6 37. Re5 Kg5 38. f4+ Kxf4 39. Rf1+ Kg5 40. Bxf5 Rcd8 41. Bc2+ Kg4 42. Bf5+ Kg5 43. Rf3 Rg8 44.
Rxc3 Kf4+ 45. Kf2 Rh8 46. Rf3+ Kg5 47. Rg3+ Kf6 48. Rg6+ Kf7 49. Rb6 Rh4 50. Rxb7+ Kf6 51. Rb6+ Kg5 52. Be6+ Kf4 53. Rxd5 Rh2+ 54. Ke1 Re8 55.
Re5 Re7 56. Rf5+ 1-0

[Event "*** Titled Tuesday Blitz"]
[Site "Chess.com"]
[Date "2020.05.12"]
[Round "5"]
[White "Koalaskakistis"]
[Black "Luibov_AN"]
[Result "1-0"]
[WhiteElo "2456"]
[BlackElo "2124"]
[TimeControl "180+1"]
[EndTime "10:56:42 PDT"]
[Termination "Koalaskakistis won by resignation"]

1. f4 g6 2. Nf3 Bg7 3. g3 c5 4.
Bg2 Nc6 5. O-O d6 6. e4 Nf6 7. d3 O-O 8. h3 Rb8 9. a4 a6 10.
g4 h6 11. Nc3 b5 12. axb5 axb5 13. Ne2 e5 14. f5 d5 15. Ng3 c4 16. g5 hxg5 17. Bxg5 Qb6+ 18. Kh2 Bb7 19. Bxf6 Bxf6 20. exd5 Nb4 21. Ne4 Nxd5 22. Qe1 cxd3 23. cxd3 Bg7 24. Nfg5 gxf5 25. Rxf5 f6 26. Nf3 Nf4 27. Qg3 Bc8 28.
Rxf4 exf4 29. Qxf4 Bb7 30. Rg1 Bxe4 31. dxe4 Rb7 32. Kh1 Qc7 33. Qf5 Qd7 34. Qh5 b4 35. Nh4 Rb5 36. Nf5 Re5 37. Bf1 Rxf5 38. Bc4+ Rf7 39.
Qxf7+ Qxf7 40. Bxf7+ Kxf7 41. exf5 Bh6 42. Rd1 Bf4 43. Kg2 Be5 44. b3 Bc3 45. Kf3 Ke7 46. Ke4 Kf7 47. Rd5 Kg7 48. Rd7+ Kh6 49. Kf4 Bb2 50. Kg4 Bc3 51. h4 Bb2 52. Rd8 Bc3 53.
Rg8 Kh7 54. Rg6 Bd4 55. h5 Kh8 56. Kf4 Kh7 57. Ke4 Be5 58. Kd5 Kh8 59. Ke6 Kh7 60.
Rxf6 Bxf6 61. Kxf6 Kh6 62. Ke6 Kxh5 63. f6 1-0

[Event "*** Titled Tuesday Blitz"]
[Site "Chess.com"]
[Date "2020.05.12"]
[Round "5"]
[White "Jenia84"]
[Black "MikeSailer"]
[Result "1-0"]
[WhiteElo "2256"]
[BlackElo "2000"]
[TimeControl "180+1"]
[EndTime "10:56:42 PDT"]
[Termination "Jenia84 won on time"]

1. e4 d5 2. exd5 Qxd5 3. Nc3 Qd6 4. Nf3 Nf6 5. Be2 c6 6. O-O Bg4 7. h3 Bh5 8. d4 e6 9. Bg5 Be7 10. Bxf6 gxf6 11. Ne4 Qc7 12. Ng3 Bxf3 13. Bxf3 Nd7 14.
c4 O-O-O 15. Qa4 Kb8 16. b4 Nb6 17. Qb3 Rxd4 18. Rfc1 Rhd8 19. a4 Qf4 20. Ne2 Qd2 21.
Nxd4 Rxd4 22. a5 Nd7 23. Rd1 Qf4 24. Rxd4 Qxd4 25. Rd1 Qf4 26. Rxd7 Bd6 27. c5 Qh2+ 28. Kf1 Bf4 29. Qd3 a6 30. Rxf7 Qh1+ 31. Ke2 Qc1 32.
Qd8+ Ka7 33. Qb6+ Ka8 34. Rf8+ Bb8 35. Rxb8+ Kxb8 36. Bxc6 Qc4+ 37. Kf3 Qd3+ 38. Kf4 e5+ 39. Kg4 Qg6+ 40. Kf3 Qf5+ 41. Ke3 Qf4+ 42. Kd3 Qd4+ 43.
Kc2 Qc4+ 44. Kd2 Qd4+ 45. Ke2 Qc4+ 46. Kd1 Qd3+ 47. Kc1 Qc3+ 48. Kd1 Qd3+ 49. Ke1 Qc3+ 50. Kf1 Qc1+ 51. Ke2 Qc2+ 52. Ke1 Qc1+ 53. Ke2 Qc2+ 54. Ke3 Qc3+ 55. Ke4 Qd4+ 56. Kf5 Qf4+ 57. Ke6 Qc4+ 58. Ke7 1-0

[Event "*** Titled Tuesday Blitz"]
[Site "Chess.com"]
[Date "2020.05.12"]
[Round "5"]
[White "praveenb2002"]
[Black "GameOverBro"]
[Result "0-1"]
[WhiteElo "2709"]
[BlackElo "2504"]
[TimeControl "180+1"]
[EndTime "10:56:43 PDT"]
[Termination "GameOverBro won by resignation"]

1. d4 d6 2. c4 Nf6 3. Nc3 Nbd7 4. Nf3 e5 5. g3 c6 6. Bg2 Be7 7. O-O O-O 8. e4 a6 9. a4 a5 10. h3 exd4 11. Nxd4 Nc5 12. Re1 Re8 13. Be3 Qc7 14. Qc2 Bf8 15. f4 Nfd7 16. Rad1 Na6 17. Qf2 Nb4 18. Kh2 Nc5 19. Qf1 Bd7 20. Rd2 g6 21. Nc2 Nb3 22. Rf2 Bg7 23. Rd1 Nxc2 24. Rxc2 f5 25.
Qd3 fxe4 26. Nxe4 Bf5 27. Qxb3 Bxe4 28. Bxe4 Rxe4 29. Bb6 Qe7 30. Qd3 Bf8 31. Bd4 Re8 32. Rdd2 Re1 33. Bc3 Re3 34. Qd4 Bg7 35. Qxd6 Qxd6 36.
Rxd6 Re2+ 37. Rxe2 Rxe2+ 38. Kg1 Bxc3 39. bxc3 Re3 40. Kf2 Rxc3 41. Rd8+ Kg7 42. Rd7+ Kg8 43. Rxb7 Rxc4 44. Rc7 Rxa4 45. Rxc6 Ra3 46. Rc7 a4 47.
Ra7 h6 48. Kg2 Kf8 49. h4 h5 50. Kf2 Kg8 51. Ra5 Kf7 52. f5 gxf5 53. Rxf5+ Kg6 54. Rg5+ Kh6 55. Ra5 Kg6 56. Kg2 Kh6 57. Ra6+ Kg7 58. Kf2 Kh7 59. Ra5 Kg6 60. Rg5+ Kh6 61. Ke2 Ra2+ 62.
Kd3 a3 63. Ke3 Ra1 64. Ra5 a2 65. Ra6+ Kg7 66. Ra7+ Kg6 67. Ra6+ Kf5 68. Ra5+ Kg4 69. Ra4+ Kh3 70. Kf4 Rf1+ 71. Kg5 a1=Q 72. Rxa1 Rxa1 73. Kxh5 Kxg3 0-1

[Event "*** Titled Tuesday Blitz"]
[Site "Chess.com"]
[Date "2020.05.12"]
[Round "5"]
[White "Ginzburg_Yakov"]
[Black "PIwan"]
[Result "1-0"]
[WhiteElo "2400"]
[BlackElo "2508"]
[TimeControl "180+1"]
[EndTime "10:56:43 PDT"]
[Termination "Ginzburg_Yakov won on time"]

1. e4 e6 2. d4 d5 3. Nc3 Nf6 4.
Bg5 Bb4 5. e5 h6 6. Bd2 Bxc3 7.
bxc3 Ne4 8. Qg4 Kf8 9. Bc1 c5 10.
Bd3 Nxc3 11. dxc5 Qc7 12. Nf3 Nc6 13. O-O Nxe5 14. Nxe5 Qxe5 15. Bf4 Qf6 16. Qg3 Qg6 17. Bd6+ Kg8 18. Qxg6 fxg6 19. Bxg6 Bd7 20. Rae1 Nb5 21. Be7 h5 22. Bg5 Nd4 23. c3 Nc6 24.
f4 h4 25. f5 exf5 26. Rd1 Ne5 27. Bxf5 Bxf5 28. Rxf5 Nf7 29. Bf4 Rd8 30. c4 d4 31.
Rd5 Kh7 32. R1xd4 Rde8 33. Kf2 Rhf8 34. Rf5 Nh6 35. Rxf8 Rxf8 36. Ke2 Nf5 37. Re4 Rf7 38. Be5 Kg6 39. g4 hxg3 40. hxg3 Re7 41. Kd3 Kf7 42. c6 bxc6 43. Bf4 g6 44. Rxe7+ Kxe7 45. Ke4 Ke6 46. g4 Ne7 47. Be3 a6 48. Kf4 Nc8 49. Kg5 Kf7 50. Bc5 a5 51. a4 Kg7 52. Bd4+ Kf7 53.
Bc5 Kg7 54. Bd4+ Kf7 55. c5 Ne7 56. Bc3 Nd5 57. Bxa5 Ne3 58. Bb6 Nc4 59. a5 1-0

[Event "*** Titled Tuesday Blitz"]
[Site "Chess.com"]
[Date "2020.05.12"]
[Round "5"]
[White "LyonBeast"]
[Black "LittlePeasant"]
[Result "0-1"]
[WhiteElo "2896"]
[BlackElo "2776"]
[TimeControl "180+1"]
[EndTime "10:56:44 PDT"]
[Termination "LittlePeasant won by resignation"]

1. d4 Nf6 2. Bf4 c5 3. d5 g6 4. Nc3 Bg7 5. e4 d6 6. Nf3 O-O 7. Be2 Bg4 8. Nd2 Bxe2 9. Qxe2 Nbd7 10. O-O a6 11. a4 b6 12. h3 Ne8 13. Rfe1 Nc7 14. Nf3 Rb8 15. e5 dxe5 16. Nxe5 Nxe5 17. Bxe5 Bxe5 18. Qxe5 Re8 19. Rad1 Qd6 20. Qg5 Qf6 21. Qxf6 exf6 22. Rxe8+ Nxe8 23. d6 Rd8 24. d7 Nc7 25.
Rd6 b5 26. Ne4 Ne6 27. Rxa6 bxa4 28. Nxf6+ Kg7 29. Ne8+ Kf8 30. Nf6 Kg7 31. Ne4 Rxd7 32. Rxa4 f5 33. Ra6 fxe4 34. Rxe6 Rd1+ 35. Kh2 Rd2 36. c4 Rxb2 37. Kg3 Re2 38. Re5 Kf6 39. Rxc5 e3 40. fxe3 Rxe3+ 41. Kf4 Rc3 42. Rc6+ Kf7 43. h4 h5 44. g3 Kg7 45. c5 Kf7 46. Rc8 Rc4+ 47. Ke5 Rc3 48. c6 Ke7 49. Rc7+ Kd8 50. Rd7+ Ke8 51. Rd6 Kf7 52. Kd4 Rc1 53. Kd5 Rc3 54.
Rd7+ Ke8 55. Rh7 Kd8 56. Kd6 Rd3+ 57. Ke5 Rxg3 58. Kf6 Rg4 59. c7+ Kc8 60. Rg7 Rxh4 61. Rxg6 Rc4 62. Rh6 Rc6+ 63. Kg5 Rxh6 64. Kxh6 h4 0-1